Map: Ley Lines

Players

Classic - Winner!

  • Race: Protoss Protoss
  • Spawn Location: 7:00

Bunny

  • Race: Terran Terran
  • Spawn Location: 1:00

Event: DreamHack Dallas 2025

VOD

Have the link to the VOD?

Description

Time

  • Played on: May 24, 2025, 3:56 p.m.
  • Length: 9:53

All games in this series

Show
View Real Time Build Order
Export as new Build Order

Classic Protoss - Winner!

Build Orders: 1 Gate Expand, Phoenix Opening, Blink Stalkers, Colossus Rush 

Get SALT Encoding   

  12  0:00  Probe  
  13  0:12  Probe  
  14  0:16  Pylon  
  14  0:24  Probe  
  15  0:32  Probe  
  15  0:34  Gateway  
  15  0:40  Probe  
  16  0:46  Assimilator  
  17  0:50  Probe  
  18  1:03  Probe  
  19  1:15  Probe  
  20  1:21  Cybernetics Core  
  22  1:31  Nexus  
  20  1:37  Pylon  
  20  1:41  Probe  
  21  1:47  Adept  
  21  1:48  Assimilator  
  21  1:53  Probe  
  22  1:59  Warp Gate  
  24  2:06  Probe  
  25  2:14  Stalker  
  25  2:18  Probe  
  28  2:27  Twilight Council  
  28  2:30  Probe  
  29  2:39  Probe  
  29  2:40  Probe  
  31  2:45  Blink  
  31  2:47  Probe  
  31  2:48  Probe  
  31  2:49  Gateway  
  32  2:56  Probe  
  32  2:58  Probe  
  35  3:08  Probe  
  35  3:09  Stalker  
  35  3:10  Probe  
  39  3:20  Probe  
  39  3:22  Probe  
  39  3:26  Pylon  
  41  3:33  Probe  
  42  3:34  Probe  
  42  3:36  Phoenix  
  43  3:41  Nexus  
  43  3:46  Probe x2  
  43  3:47  Sentry  
  47  3:51  Stalker  
  49  3:58  Probe x2  
  51  4:05  Pylon  
  51  4:10  Probe x2, Assimilator  
  51  4:12  Robotics Facility  
  53  4:18  Gateway  
  53  4:21  Gateway  
  53  4:24  Probe x2  
  53  4:30  Phoenix  
  55  4:33  Gateway  
  55  4:34  Gateway  
  55  4:36  Probe  
  56  4:40  Stalker  
  56  4:47  Probe  
  56  4:49  Probe  
  58  4:59  Forge  
  58  5:01  Robotics Bay  
  58  5:03  Probe x3  
  61  5:09  Observer  
  61  5:10  Charge  
  61  5:11  Probe  
  61  5:12  Probe  
  62  5:15  Probe  
  62  5:18  Pylon  
  62  5:19  Probe  
  62  5:20  Probe  
  65  5:27  Observer, Probe  
  69  5:30  Probe  
  69  5:32  Probe  
  69  5:34  Protoss Ground Weapons Level 1  
  71  5:39  Probe  
  71  5:41  Gateway  
  72  5:43  Gateway  
  72  5:46  Colossus, Pylon  
  72  5:48  Stalker x2  
  76  5:58  Probe x3  
  76  5:59  Assimilator  
  76  6:02  Shield Battery  
  85  6:05  Pylon  
  85  6:09  Stalker  
  87  6:15  Pylon  
  87  6:16  Pylon, Stalker  
  89  6:22  Stalker, Zealot  
  93  6:26  Stalker  
  93  6:27  Pylon, Zealot  
  97  6:32  Pylon  
  97  6:34  Pylon  
  97  6:35  Pylon  
  103  6:49  Zealot x6  
  115  6:56  Colossus, Zealot x2  
  115  7:01  Shield Battery  
  119  7:10  Zealot x5  
  129  7:15  Zealot  
  125  7:27  Pylon  
  114  7:30  Probe x3  
  114  7:32  Stalker x5  
  118  7:40  Warp Prism  
  118  7:47  Pylon  
  120  8:00  Zealot x7  
  132  8:12  Pylon  
  128  8:15  Colossus  
  134  8:24  Zealot x7  
  148  8:31  Probe x3  
  148  8:32  Pylon  
  148  8:33  Pylon  
  144  8:41  Nexus  
  144  8:44  Pylon  
  138  8:51  Sentry  
  138  8:52  Stalker x3  
  146  8:57  Stalker x2  
  146  8:58  Zealot  
  148  9:19  Zealot x5  
  148  9:21  Zealot x2  
  154  9:43  Zealot x7  
Show
View Real Time Build Order
Export as new Build Order

Bunny Terran 

Build Orders: Reaper Expand 

Get SALT Encoding   

  12  0:00  SCV  
  13  0:12  SCV  
  14  0:17  Supply Depot  
  14  0:24  SCV  
  15  0:38  SCV  
  15  0:39  Barracks  
  15  0:42  Refinery  
  16  0:50  SCV  
  17  1:02  SCV  
  18  1:14  SCV  
  19  1:26  Orbital Command, Reaper  
  20  1:44  Command Center  
  20  1:50  Supply Depot  
  20  1:52  SCV  
  21  1:57  Marine  
  22  2:04  SCV  
  22  2:05  Factory  
  23  2:11  Refinery  
  23  2:16  SCV  
  23  2:18  Bunker  
  23  2:21  Barracks Reactor  
  24  2:28  SCV  
  25  2:40  SCV  
  26  2:49  Hellion, Starport  
  28  2:52  SCV  
  28  2:58  Orbital Command, Marine x2  
  29  3:04  SCV  
  32  3:10  Widow Mine  
  34  3:16  Marine x2  
  34  3:17  SCV  
  37  3:24  SCV  
  37  3:25  Supply Depot  
  38  3:29  SCV  
  38  3:30  Medivac  
  38  3:33  Widow Mine  
  43  3:36  SCV  
  43  3:38  Marine x2  
  46  3:47  SCV  
  46  3:48  SCV  
  48  3:51  Supply Depot  
  47  3:57  Barracks  
  47  3:59  Marine x2, SCV, Factory Tech Lab  
  47  4:00  SCV  
  51  4:02  Starport Tech Lab  
  49  4:11  Refinery, SCV  
  49  4:12  SCV  
  49  4:14  Engineering Bay  
  51  4:19  Siege Tank  
  51  4:22  Raven  
  57  4:24  SCV x2  
  57  4:30  Supply Depot  
  58  4:32  Marine x2  
  58  4:36  SCV  
  61  4:46  Barracks  
  61  4:50  Marine x2  
  61  4:51  SCV  
  61  4:52  SCV, Siege Tank  
  66  4:55  Refinery  
  66  4:56  Terran Infantry Weapons Level 1  
  66  5:00  Supply Depot  
  66  5:03  Supply Depot  
  66  5:04  SCV x2  
  68  5:08  Stimpack  
  68  5:11  Starport Reactor  
  68  5:16  SCV x2  
  70  5:21  Supply Depot, Marine x3  
  70  5:26  Supply Depot  
  73  5:28  SCV x2  
  73  5:33  Factory Reactor  
  75  5:39  Marine x2  
  75  5:40  Marauder, SCV x2  
  81  5:43  Supply Depot  
  81  5:46  Combat Shield  
  81  5:47  Marauder  
  81  5:48  Medivac  
  81  5:49  Medivac  
  87  5:54  Supply Depot  
  87  5:57  Marine x2  
  87  6:02  Marauder  
  91  6:06  Supply Depot  
  91  6:07  SCV  
  91  6:09  Marauder, SCV  
  95  6:12  Widow Mine  
  95  6:13  Widow Mine  
  95  6:15  Marine x2  
  101  6:24  Marauder  
  103  6:28  Medivac x2  
  103  6:30  Marauder  
  109  6:32  Marine x2  
  109  6:36  Widow Mine  
  112  6:44  Widow Mine  
  112  6:45  Marauder  
  116  6:47  Supply Depot, Concussive Shells  
  116  6:48  Supply Depot  
  116  6:50  Marine x2  
  116  6:53  Terran Infantry Armor Level 1  
  118  6:57  SCV x2  
  118  6:59  Command Center  
  120  7:12  Marauder x2  
  120  7:13  Marine x2  
  120  7:15  Widow Mine x2  
  104  7:30  Viking x2  
  104  7:31  Marine x2  
  104  7:34  Marauder x2  
  104  7:36  SCV x2, Widow Mine x2  
  114  7:44  Barracks x2  
  114  7:48  SCV x2  
  116  7:55  Marauder x2, Marine x2  
  122  8:00  Viking x2  
  124  8:08  SCV x2  
  124  8:10  Widow Mine x2  
  126  8:14  Orbital Command  
  126  8:23  Marauder x2  
  126  8:24  Marine x2  
  118  8:31  Viking x2  
  121  8:34  Widow Mine x2  
  119  8:43  Marine  
  119  8:44  Marauder x2  
  122  8:51  SCV  
  122  8:52  SCV x2  
  122  8:53  Barracks Tech Lab  
  125  9:01  Viking x2  
  129  9:04  SCV x3  
  129  9:06  Marauder  
  129  9:08  Marauder  
  129  9:09  Barracks Reactor  
  131  9:12  Marine x2  
  131  9:15  Marauder  
  128  9:26  Widow Mine x2  
  128  9:27  Marauder  
  128  9:29  Marauder  
  128  9:30  Marine x2  
Tags
 
Add a new tag
Caveats
  • Supply blocks, unpowered buildings, or Contaminate may cause inaccurate times.
  • Supply counts are checked every 10 seconds.